 Seeded DCSS version 0.27-a0-911-gfacc31910f (webtiles) character file.

Game seed: 1642767598979250077 (custom seed)

11 HELP the Stinger (level 2, -1/17 HPs)
             Began as an Octopode Venom Mage on Apr 8, 2021.
             Succumbed to a goblin's poison
             ... on level 1 of the Dungeon on Apr 9, 2021.
             The game lasted 00:03:28 (414 turns).

HELP the Stinger (Octopode Venom Mage)               Turns: 414, Time: 00:03:28

Health: -1/17      AC:  1    Str:  7    XL:     2   Next: 25%
Magic:  2/5        EV: 13    Int: 17    God:
Gold:   0          SH:  0    Dex: 12    Spells: 2/5 levels left

rFire    . . .     SeeInvis .   b - +0 dagger
rCold    . . .     Faith    .   (no shield)
rNeg     . . .     Spirit   .   (helmet restricted)
rPois    .         Reflect  .   (no amulet)
rElec    .         Harm     .   (no ring)
rCorr    .         Rampage  .   (no ring)
Will     .....                  (no ring)
Stlth    +++.......             (no ring)
HPRegen  0.05/turn              (no ring)
MPRegen  0.09/turn              (no ring)
                                (no ring)
                                (no ring)

@: lethally poisoned (-1 -> -7)
A: almost no armour, amphibious, 8 rings, camouflage 1, gelatinous body 1,
(nimble swimmer 1), tentacles
a: no special abilities


You were on level 1 of the Dungeon.
You visited 1 branch of the dungeon, and saw 1 of its levels.

Inventory:

Hand Weapons
 b - a +0 dagger (weapon)
Missiles
 c - 8 poisoned darts
Potions
 a - 2 potions of haste {unknown}


   Skills:
 - Level 2.1 Dodging
 + Level 3.0 Stealth
 + Level 2.1 Spellcasting
 - Level 1.1 Transmutations
 * Level 3.9 Poison Magic


You had 2 spell levels left.
You knew the following spells:

 Your Spells              Type           Power      Damage    Failure   Level
a - Sting                 Tmut/Pois      40%        1d5       7%          1
z - Poisonous Vapours     Pois/Air       16%        N/A       13%         2

Your spell library contained the following spells:

 Spells                   Type           Power      Damage    Failure   Level
 Ignite Poison            Fire/Tmut/Pois 7%         N/A       28%         3
 Mephitic Cloud           Conj/Pois/Air  6%         N/A       32%         3
 Olgreb's Toxic Radiance  Pois           15%        N/A       36%         4


Dungeon Overview and Level Annotations

Branches:
Dungeon (1/15)

Altars:


Innate Abilities, Weirdness & Mutations

You cannot wear most types of armour.
You are amphibious.
You can wear up to eight rings at the same time.
Your skin changes colour to match your surroundings (Stealth+).
Your rubbery body absorbs attacks. (AC +1, EV +1)
((You are camouflaged near water. (Stealth+)))
You have tentacles for arms and can constrict up to eight enemies at once.


Message History

Press: ? - help, Dir - move target, f - bat
Aim: a bat (asleep) Poisonous vapours surround the bat!
The bat is engulfed in poison gas.
The bat is poisoned.
You kill the bat!
You start resting.
Magic restored.
A goblin comes into view. It is wielding a +0 short sword.
Casting: Poisonous Vapours (safe; 13% risk of failure)
Confirm with . or Enter, or press ? or * to list all spells.
Aiming: Poisonous Vapours (safe; 13% risk of failure)
Press: ? - help, Dir - move target, f - goblin
Aim: a goblin, wielding a +0 short sword (wandering, hasn't noticed you) Poisonous vapours surround the goblin!
The goblin shouts!
The goblin is engulfed in poison gas.
The goblin is poisoned.
You kill the goblin!
Casting: Poisonous Vapours (safe; 13% risk of failure)
Confirm with . or Enter, or press ? or * to list all spells.
Aiming: Poisonous Vapours (safe; 13% risk of failure)
Press: ? - help, Dir - move target, f - goblin
Aim: a goblin, wielding a +2 dagger of venom Poisonous vapours surround the goblin!
The goblin is engulfed in poison gas.
The goblin is poisoned.
You barely miss the goblin. Your grab misses the goblin.
The goblin is moderately wounded.
The goblin hits you with a +2 dagger of venom.
You are lethally poisoned!
You closely miss the goblin. You grab the goblin. You squeeze the goblin.
You kill the goblin!
You feel very sick.
You completely miss the bat. Your grab misses the bat.
* * * LOW HITPOINT WARNING * * *
You feel very sick. The bat closely misses you.
* * * LOW HITPOINT WARNING * * *
You feel sick. The bat closely misses you.
* * * LOW HITPOINT WARNING * * *
You feel sick. The bat hits you but does no damage.
You die...

..........>.....#.#
.........†....# #.#####
.......†......# #.....#
...g..).......# #.#####
.####.##.)....# #.....#
#. #......# #.#####
#####.##b.....###.####
.....................#
.....#@.......#######
..###......###.# #..
#.#.#..# #.# .#.
.##.#.#..###.##
.........................
...........##.#.#..#.##.#
........................#
.
.....##...##.#.####.##.#
.. ...................# .


You could see a bat.

Vanquished Creatures
  2 bats (D:1)
  5 goblins (D:1)
  A kobold (D:1)
  A quokka (D:1)
9 creatures vanquished.

Notes
Turn   | Place    | Note
-------+----------+-------------------------------------------
     0 | D:1      | HELP the Octopode Venom Mage began the quest for the Orb.
     0 | D:1      | Reached XP level 1. HP: 11/11 MP: 3/3
   362 | D:1      | Reached XP level 2. HP: 17/17 MP: 5/5
   365 | D:1      | Learned a level 2 spell: Poisonous Vapours
   414 | D:1      | Succumbed to a goblin's poison

Illustrated notes

Levels and vault maps discovered:
D:1:      lightli_arrival_noodles, layout_basic

Skill      XL: |  1 |
---------------+----+-----
Stealth        | 3 |  3.0
Dodging        | |  2.1
Spellcasting   | |  2.1
Transmutations | |  1.1
Poison Magic   | |  3.9

Action                   || total
-------------------------++-------
Melee: Dagger            ||     7
       Constrict         ||     1
       Tentacles         ||     1
 Cast: Sting             ||     5
       Poisonous Vapours ||     3
 Stab: Sleeping          ||     2
Armor: Skin              ||     1
Dodge: Dodged            ||     4

Table legend: (Time is in decaauts)
 A = Elapsed time spent in this place.
 B = Non-inter-level travel time spent in this place.
 C = Inter-level travel time spent in this place.
 D = Time resting spent in this place.
 E = Time spent auto-exploring this place.
 F = Levels seen in this place.
 G = Mean time per level.
                   A        B        C        D        E       F      G
               +--------+--------+--------+--------+--------+-----+--------+
         Total |    413 |    413 |      0 |    254 |      0 |   1 |  413.0 |
       Dungeon |    413 |    413 |      0 |    254 |      0 |   1 |  413.0 |
               +--------+--------+--------+--------+--------+-----+--------+

Top non-repeatable levels by time:
     D:1: 413 daAuts
